 Dungeon Crawl Stone Soup version 0.26-a0-639-g72c4674329 (webtiles) character file.

Game seed: 14035086251974534151

2105 Flugslaktarn the Chopper (level 9, -2/85 HPs)
             Began as a Deep Dwarf Fighter on Sept 23, 2020.
             Killed from afar by Maggie (21 damage)
             ... with a bolt of fire
             ... on level 6 of the Dungeon.
             The game lasted 00:01:43 (2347 turns).

Flugslaktarn the Chopper (Deep Dwarf Fighter)       Turns: 2347, Time: 00:01:44

Health: -2/85      AC:  8    Str: 24    XL:     9   Next: 7%
Magic:  1/1        EV:  8    Int:  8    God:
Gold:   128        SH: 11    Dex: 12    Spells: 8/8 levels left

rFire    . . .     SeeInvis .   a - +0 war axe
rCold    . . .     Faith    .   c - +0 kite shield
rNeg     . . .     Spirit   .   b - +0 scale mail
rPois    .         Reflect  .   j - +0 helmet
rElec    .         Harm     .   (no cloak)
rCorr    .         Rampage  .   (no gloves)
MR       +....                  (no boots)
Stlth    ..........             (no amulet)
HPRegen  0.00/turn              (no ring)
MPRegen  0.07/turn              (no ring)

@: mighty, stab, mesmerised, non-regenerating
A: damage resistance, heal wounds, sense surroundings 2, no regeneration
a: Heal Wounds


You were on level 6 of the Dungeon.
You visited 1 branch of the dungeon, and saw 6 of its levels.

You collected 128 gold pieces.

Inventory:

Hand Weapons
 a - a +0 war axe (weapon)
Missiles
 n - 3 throwing nets (quivered)
Armour
 b - a +0 scale mail (worn)
 c - a +0 kite shield (worn)
 j - a +0 helmet (worn)
   (You found it on level 3 of the Dungeon)
Jewellery
 f - an uncursed ring of resist corrosion {unknown}
   (You found it on level 1 of the Dungeon)
 h - an uncursed amulet of regeneration {unknown}
   (You found it on level 1 of the Dungeon)
 k - an uncursed ring of fire {unknown}
   (You found it on level 3 of the Dungeon)
 o - an uncursed amulet of reflection {unknown}
   (You found it on level 4 of the Dungeon)
 w - a +6 ring of intelligence {unknown}
   (You found it on level 5 of the Dungeon)
Wands
 u - a wand of acid (6)
   (You found it on level 5 of the Dungeon)
Scrolls
 e - 2 scrolls of enchant weapon {unknown}
 g - a scroll of enchant armour {unknown}
 l - 3 scrolls of remove curse {unknown}
 q - a scroll of fear {unknown}
 s - 3 scrolls of identify {unknown}
 t - a scroll of blinking {unknown}
 v - a scroll of immolation {unknown}
 x - a scroll of fog {unknown}
 y - a scroll of teleportation {unknown}
Potions
 i - 2 potions of haste {unknown}
 m - a potion of stabbing
 p - a potion of lignification {unknown}
 r - a potion of curing {unknown}


   Skills:
 * Level 6.9 Fighting
 * Level 7.9 Axes
 + Level 6.2 Armour
 + Level 6.2 Shields


You had 8 spell levels left.
You didn't know any spells.
Your spell library was empty.

Dungeon Overview and Level Annotations

Branches:
Dungeon (6/15)
 Temple: D:4-7

Altars:
Ashenzari
Ru
Xom
The Shining One

Shops:
D:4 :   D:5 }(

Annotations:
D:6 Maggie


Innate Abilities, Weirdness & Mutations

You are resistant to damage.
You can heal yourself by infusing magical energy.
You passively map the area around you.
You do not regenerate.


Message History

Maggie draws you further into her thrall.
You block Maggie's attack.
You slice Maggie!!
Maggie is heavily wounded.
You block Maggie's attack.
You hit Maggie.
Maggie is severely wounded.
You block Maggie's attack.
You slash Maggie!
Maggie is almost dead.
Maggie hits you with a +1 scimitar of pain.
You writhe in agony.
You barely miss Maggie.
Maggie is almost dead.
You block Maggie's attack.
You slash Maggie!
Maggie is almost dead.
Maggie casts a spell at you. The bolt of fire hits you!!
You die...

* ,
..S.#.......>....#.§§§._^._
....###..#....#..##§§§.^≈##
.....##..##..###..##^^...##
.........##....#...###⌠####
#?..#....##..............#
#. ,#.......#............#
....#....).#............#
*..#####.@#.............##
# #...@...#..........#*
###..#..##..........#
#########.........#
##.......## #... *##,, **


You could see Maggie (mesmerising).

Vanquished Creatures
  A two-headed ogre (D:6)
  Sigmund (D:4)
  A sky beast (D:5)
  A phantom (D:5)
  3 ogres
  2 centaurs
  A bullfrog (D:6)
  A scorpion (D:5)
  A wyvern skeleton (D:6)
  A crimson imp (D:5)
  2 bullfrog zombies (D:6)
  A jelly (D:5)
  2 orc priests
  A bullfrog skeleton (D:4)
  An orc wizard (D:5)
  2 iguanas
  A worker ant (D:6)
  A hound zombie (D:6)
  A hound skeleton (D:6)
  Robin (D:4)
  4 gnolls (D:4)
  7 adders
  A shadow imp (D:5)
  3 white imps
  An ufetubus (D:5)
  An ooze (D:6)
  An adder skeleton (D:6)
  3 worms
  A dart slug (D:1)
  10 orcs
  2 giant cockroaches
  11 goblins
  5 hobgoblins
  3 jackals (D:4)
  4 kobolds (D:1)
  4 bats
  3 frilled lizards
  3 goblin zombies (D:4)
  3 hobgoblin zombies (D:4)
  A jackal zombie (D:6)
  A kobold skeleton (D:4)
  A kobold zombie (D:4)
  A leopard gecko skeleton (D:4)
  An orc skeleton (D:4)
  An orc zombie (D:4)
102 creatures vanquished.

Vanquished Creatures (others)
  An orc wizard (D:4)
1 creature vanquished.

Grand Total: 103 creatures vanquished

Notes
Turn   | Place    | Note
-------+----------+-------------------------------------------
     0 | D:1      | Flugslaktarn the Deep Dwarf Fighter began the quest for the
                  | Orb.
     0 | D:1      | Reached XP level 1. HP: 20/20 MP: 1/1
   191 | D:1      | Reached XP level 2. HP: 21/27 MP: 2/2
   472 | D:3      | Reached XP level 3. HP: 22/34 MP: 3/3
   570 | D:4      | Noticed Sigmund
   579 | D:4      | Reached skill level 3 in Axes
   621 | D:4      | Killed Sigmund
   621 | D:4      | Reached skill level 4 in Axes
   621 | D:4      | Reached XP level 4. HP: 4/44 MP: 3/3
   621 | D:4      | Reached XP level 5. HP: 4/50 MP: 4/4
   629 | D:4      | Found a glowing golden altar of the Shining One.
   836 | D:4      | Reached XP level 6. HP: 57/57 MP: 3/3
   907 | D:4      | Noticed Robin
   922 | D:4      | Killed Robin
  1027 | D:4      | Found Zurucw's Book Emporium.
  1221 | D:5      | Entered Level 5 of the Dungeon
  1226 | D:5      | Reached skill level 5 in Axes
  1289 | D:5      | Reached XP level 7. HP: 44/66 MP: 4/4
  1297 | D:5      | Found Cagg's Weapon Shoppe.
  1514 | D:5      | Reached skill level 5 in Fighting
  1518 | D:5      | Found a sacrificial altar of Ru.
  1567 | D:5      | Found Erom's Gadget Shop.
  1575 | D:5      | Reached skill level 5 in Armour
  1659 | D:5      | Reached skill level 6 in Axes
  1659 | D:5      | Reached skill level 5 in Shields
  1690 | D:5      | Reached XP level 8. HP: 50/75 MP: 3/3
  2192 | D:6      | Found a shattered altar of Ashenzari.
  2245 | D:6      | Found a shimmering altar of Xom.
  2263 | D:6      | Found a shimmering altar of Xom.
  2263 | D:6      | Found a shimmering altar of Xom.
  2264 | D:6      | Found a shimmering altar of Xom.
  2309 | D:6      | Noticed a two-headed ogre
  2319 | D:6      | HP: 1/76 [ogre/+0 giant club (11)]
  2320 | D:6      | Noticed Maggie
  2334 | D:6      | Killed a two-headed ogre
  2334 | D:6      | Reached skill level 7 in Axes
  2334 | D:6      | Gained mutation: You passively map the area around you.
                  | [Deep Dwarf growth]
  2334 | D:6      | Reached XP level 9. HP: 26/85 MP: 1/1
  2347 | D:6      | Killed from afar by Maggie

Illustrated notes

Levels and vault maps discovered:
D:1:      dpeg_arrival_three_smaller_balls, layout_basic, st_stairs_1,
          minmay_stone_trees_small, minmay_misc_feat_square
D:2:      layout_loops_ring, nicolae_dithmenos_through_a_glass_darkly,
          led_sif_pool, fedhas_altar_1
D:3:      layout_basic, minmay_door_square, uniq_crazy_yiuf_cottage
D:4:      layout_rooms, nicolae_tso_besieged_by_evil, serial_shops,
          kennysheep_mini, uniq_robin, uniq_sigmund
D:5:      layout_loops_ring, kennysheep_mini_moat, serial_shops, shop,
          nicolae_shop_window_shopping, minmay_fire_ice_demons
D:6:      layout_cave_pools, minitemple, lemuel_doored_altar, serial_undead,
          serial_undead_d, serial_undead_c, serial_undead_a, serial_undead_e,
          xom_redecorated, uniq_maggie

Skill      XL: |  1  2  3  4  5  6  7  8 |
---------------+-------------------------+-----
Fighting       | 3 4 5 6 |  6.9
Axes           | 4 5 6 7 |  7.9
Armour         | 4 5 6 |  6.2
Shields        | 4 5 6 |  6.2

Action                   |  1- 3 |  4- 6 |  7- 9 || total
-------------------------+-------+-------+-------++-------
Melee: War axe           |    88 |   149 |   158 ||   395
 Abil: Heal Wounds       |     2 |     6 |     8 ||    16
  Use: Potion            |       |       |     2 ||     2
Armor: Scale mail        |    39 |    64 |    41 ||   144
Dodge: Dodged            |    36 |    49 |    54 ||   139
Block: Kite shield       |    49 |    83 |    97 ||   229

Table legend: (Time is in decaauts)
 A = Elapsed time spent in this place.
 B = Non-inter-level travel time spent in this place.
 C = Inter-level travel time spent in this place.
 D = Time resting spent in this place.
 E = Time spent auto-exploring this place.
 F = Levels seen in this place.
 G = Mean time per level.
                   A        B        C        D        E       F      G
               +--------+--------+--------+--------+--------+-----+--------+
         Total |   2482 |   2330 |    152 |     12 |   1519 |   6 |  413.7 |
       Dungeon |   2482 |   2330 |    152 |     12 |   1519 |   6 |  413.7 |
               +--------+--------+--------+--------+--------+-----+--------+

Top non-repeatable levels by time:
     D:5: 990 daAuts
     D:4: 689 daAuts
     D:1: 256 daAuts
     D:2: 225 daAuts
     D:6: 186 daAuts
     D:3: 133 daAuts
